 Dungeon Crawl Stone Soup version 0.21.0 (webtiles) character file.

54 Jynx the Skirmisher (level 3, 0/24 HPs)
             Began as a Gargoyle Fighter on Jan 6, 2018.
             Slain by a gnoll
             ... wielding a +0 halberd
              (8 damage)
             ... on level 3 of the Dungeon.
             The game lasted 00:02:15 (1735 turns).

Jynx the Skirmisher (Gargoyle Fighter)              Turns: 1735, Time: 00:02:16

Health: 0/24       AC: 12    Str: 19    XL:     3   Next: 91%
Magic:  3/3        EV:  5    Int:  8    God:
Gold:   158        SH:  9    Dex: 10    Spells: 2/2 levels left

rFire    . . .     SeeInvis +   a - +0 flail
rCold    . . .     Gourm    .   c - +0 shield
rNeg     + . .     Faith    .   o - +0 chain mail
rPois    ∞         Spirit   .   (no helmet)
rElec    +         Reflect  .   (no cloak)
rCorr    .         Harm     .   (no gloves)
MR       .....                  (no boots)
Stlth    ..........             (no amulet)
HPRegen  0.08/turn              j - ring of see invisible
MPRegen  0.08/turn              (no ring)

@: no status effects
A: negative energy resistance 1, electricity resistance, unbreathing,
petrification resistance, rot immunity, AC +3
a: no special abilities


You were on level 3 of the Dungeon.
You were not hungry.

You visited 1 branch of the dungeon, and saw 3 of its levels.

You collected 158 gold pieces.

Inventory:

Hand Weapons
 a - a +0 flail (weapon)
Armour
 c - a +0 shield (worn)
 o - a +0 chain mail (worn)
Jewellery
 j - a ring of see invisible (left hand)
Scrolls
 e - a scroll of amnesia {unknown}
 g - 4 scrolls of remove curse {unknown}
 l - a scroll of blinking {unknown}
 m - a scroll of identify {unknown}
 n - a scroll of random uselessness {unknown}
Potions
 d - a potion of might
 h - a potion of agility {unknown}
 i - a potion of heal wounds {unknown}
 k - 2 potions of ambrosia {unknown}
 p - a potion of brilliance {unknown}
Comestibles
 b - 3 chunks of flesh
 f - 9 rations


   Skills:
 + Level 4.0 Fighting
 * Level 3.5 Maces & Flails
 - Level 3.2 Armour
 - Level 3.2 Shields


You had 2 spell levels left.
You didn't know any spells.

Dungeon Overview and Level Annotations

Branches:
Dungeon (3/15)

Altars:
Cheibriados
Fedhas
Uskayaw


Innate Abilities, Weirdness & Mutations

You are resistant to torment.
Your stone body is resilient. (AC +3)
You are immune to poison.
You resist negative energy. (rN+)
You are resistant to electric shocks. (rElec)
You can survive without breathing.
You are immune to petrification.
You are immune to rotting.


Message History

The gnoll is severely wounded.
The gnoll hits you.
The gnoll hits you from afar with a halberd.
You block the gnoll's attack.
You are too injured to fight recklessly!
You are too injured to fight recklessly!
You are too injured to fight recklessly!
You thump the gnoll!
You kill the gnoll!
Your Fighting skill increases to level 4!
The gnoll hits you from afar with a halberd.
You block the gnoll's attack.
You see here a falchion.
You hit the gnoll.
The gnoll is lightly wounded.
The gnoll barely misses you.
You closely miss the gnoll.
The gnoll is lightly wounded.
The gnoll hits you with a halberd!
You die...

#.#
###########.#
...........>#
######.##### #.#
#. #.# #. #.#
###.#####g###
#.....##..@.#
#.##..##..#.#
####.....##..#.#
.............#.#
.......#.###.#.#
#....)(....#.#
#....#.......#
#....#..##.###
#....#..##.#
######


You could see a gnoll.

Vanquished Creatures
  A gnoll (D:3)
  An adder (D:3)
  2 dart slugs
  2 leopard geckos
  2 orcs (D:3)
  A ball python (D:1)
  A giant cockroach (D:2)
  2 jackals (D:3)
  2 bats
  2 frilled lizards (D:1)
  3 goblins
  5 kobolds
  5 rats
29 creatures vanquished.

Notes
Turn   | Place    | Note
-------+----------+-------------------------------------------
     0 | D:1      | Jynx the Gargoyle Fighter began the quest for the Orb.
     0 | D:1      | Reached XP level 1. HP: 14/14 MP: 1/1
   347 | D:1      | Reached XP level 2. HP: 19/19 MP: 2/2
   953 | D:2      | Found a blossoming altar of Fedhas.
   963 | D:2      | Found a hide-covered altar of Uskayaw.
  1177 | D:2      | Reached XP level 3. HP: 24/24 MP: 3/3
  1469 | D:2      | Found a snail-covered altar of Cheibriados.
  1732 | D:3      | Reached skill level 4 in Fighting
  1735 | D:3      | Slain by a gnoll

Skill      XL: |  1  2  3 |
---------------+----------+-----
Maces & Flails | 3 |  3.5
Fighting       | 4 |  4.0
Armour         | |  3.2
Shields        | |  3.2

Action                   || total
-------------------------++-------
Melee: Flail             ||   107
  Eat: Chunk             ||     3
Armor: Scale mail        ||    39
       Chain mail        ||    21
Dodge: Dodged            ||    33
Block: Shield            ||    68
